 Dungeon Crawl Stone Soup version 0.30-a0-847-g17996783a1 (webtiles) character file.

Game seed: 5306882467565457144

144706 ragingrage the Convoker (level 15, -3/76 HPs)
             Began as a Felid Wanderer on Mar 1, 2023.
             Was the Champion of Ru.
             Slain by a wolf spider (12 damage)
             ... led by a torpor snail
             ... on level 1 of the Spider Nest on Mar 3, 2023.
             The game lasted 01:25:33 (52593 turns).

ragingrage the Convoker (Felid Wanderer)           Turns: 52593, Time: 01:25:33

Health: -3/76      AC:  3    Str: 16    XL:     15   Next: 55%
Magic:  16/39      EV: 37    Int: 26    God:    Ru [******]
Gold:   2837       SH:  0    Dex: 16    Spells: 2/35 levels left
                                        Lives:  0   Deaths: 4

rFire   + . .      SeeInvis +      - Unarmed
rCold   . . .      Faith    .    (shield unavailable)
rNeg    . . .      Spirit   .    (body armour unavailable)
rPois   +          Reflect  .    (helmet unavailable)
rElec   +          Rampage  .    (cloak unavailable)
rCorr   +                        (gloves unavailable)
Will    +++..                    (boots unavailable) Stlth
                                 c - amulet "Kacoihaawn" {Acrobat Drain Will+ MP+9 Str+3}
HPRegen 0.32/turn                D - ring of Leiwk {Fly rPois rCorr Str+6 Int+4}
MPRegen 0.26/turn                l - ring of the Snail {Fire rElec}

@: acrobatic, flying, unable to drink, quick
A: very small, claws 1, fangs 3, see invisible, speed 1, shaggy fur 3, inability
to drink after injury 2, no stealth, reduced EV 1, unskilled 1, inexperienced 1,
stealthy paws, missing an eye, no weapons or thrown items, no armour,
multi-lived
}: 1/15 runes: decaying
a: Renounce Religion, Draw Out Power, Power Leap, Apocalypse


You were on level 1 of the Spider Nest.
You worshipped Ru.
Ru was exalted by your worship.
You visited 6 branches of the dungeon, and saw 30 of its levels.
You also visited: Sewer and Ice Cave.

You collected 4059 gold pieces.
You spent 1222 gold pieces at shops.

Inventory:

Jewellery
 c - the amulet "Kacoihaawn" (around neck) {Acrobat Drain Will+ MP+9 Str+3}
   (You acquired it on level 8 of the Dungeon)

   [amulet of the acrobat]

   It increases your evasion while moving and waiting.
   Str:       It affects your strength (+3).
   MP:        It affects your magic capacity (+9).
   Drain:     It drains your maximum health when unequipped.
   Will:      It increases your willpower.
 l - the ring of the Snail (right paw) {Fire rElec}
   (You found it on level 2 of the Dungeon)

   [ring of fire]

   It enhances your fire magic.
   rF:        It protects you from fire.
   rC:        It makes you vulnerable to cold.
   rElec:     It insulates you from electricity.
 D - the ring of Leiwk (left paw) {Fly rPois rCorr Str+6 Int+4}
   (You bought it in a shop on level 2 of the Orcish Mines)

   [ring of strength]

   Str:       It affects your strength (+6).
   Int:       It affects your intelligence (+4).
   rPois:     It protects you from poison.
   Fly:       It grants you flight.
   rCorr:     It protects you from acid and corrosion.
 E - the ring of Beogh, Bespelling {Wiz Will+ rCorr}
   (You took it off a deep elf pyromancer on level 1 of the Elven Halls)

   [ring of wizardry]

   It improves your spell success rate.
   rCorr:     It protects you from acid and corrosion.
   Will:      It increases your willpower.
 I - a +4 ring of protection
 L - the ring of Koimoanya {rElec rPois rF+ rN+ Dex-2}
   (You found it in an ice cave)

   [ring of positive energy]

   Dex:       It affects your dexterity (-2).
   rF:        It protects you from fire.
   rElec:     It insulates you from electricity.
   rPois:     It protects you from poison.
   rN:        It protects you from negative energy.
 Q - a +6 ring of intelligence
 S - a ring of resist corrosion
Wands
 n - a wand of mindburst (35)
 y - a wand of quicksilver (12)
 B - a wand of paralysis (35)
 F - a wand of flame (77)
 H - a wand of polymorph (3)
 N - a wand of roots (9)
 O - a wand of digging (1)
Scrolls
 b - 4 scrolls of blinking
 d - 9 scrolls of poison
 h - 16 scrolls of teleportation
 i - 2 scrolls of fear
 j - 3 scrolls of amnesia
 k - 2 scrolls of silence
 o - 5 scrolls of torment
 u - 16 scrolls of identify
 w - 4 scrolls of magic mapping
 C - 4 scrolls of fog
 J - 3 scrolls of immolation
 M - a scroll of butterflies
Potions
 a - 18 potions of curing
 e - 4 potions of mutation
 f - 9 potions of lignification
 m - 5 potions of heal wounds
 p - 2 potions of cancellation
 q - 4 potions of resistance
 r - 3 potions of berserk rage
 s - 5 potions of might
 t - 2 potions of magic
 x - 2 potions of flight
 z - 2 potions of invisibility
 A - 3 potions of brilliance
 G - 5 potions of haste
 K - 6 potions of attraction
 P - a potion of ambrosia
Miscellaneous
 g - a box of beasts
 v - a phantom mirror
 R - a condenser vane
 T - a lightning rod (4/4)


   Skills:
 + Level 14.6 Fighting
 - Level 15.0 Dodging
 - Level 1.7 Unarmed Combat
 + Level 10.7 Spellcasting
 - Level 5.0 Conjurations
 - Level 9.0 Hexes
 + Level 16.5 Summonings
 - Level 6.3 Translocations
 + Level 11.6 Transmutations
 - Level 2.6 Fire Magic
 - Level 6.0 Poison Magic
 + Level 4.6 Evocations


You had 2 spell levels left.
You knew the following spells:

 Your Spells              Type           Power      Damage    Failure   Level
a - Summon Cactus Giant   Summ           39%        N/A       1%          6
b - Summon Lightning Spi  Summ/Air       54%        N/A       1%          4
c - Call Canine Familiar  Summ           79%        N/A       0%          3
d - Summon Forest         Summ/Tloc      32%        N/A       1%          5
e - Kiss of Death         Conj/Necr      100%       2d13      1%          1
f - Yara's Violent Unrav  Hex/Tmut       30%        3d13      1%          5
g - Irradiate             Conj/Tmut      27%        3d20      3%          5
h - Olgreb's Toxic Radia  Pois           45%        N/A       3%          4

Your spell library contained the following spells:

 Spells                   Type           Power      Damage    Failure   Level
 Summon Small Mammal      Summ           100%       N/A       0%          1
 Beastly Appendage        Tmut           100%       N/A       1%          1
 Foxfire                  Conj/Fire      100%       2x1d9     1%          1
 Slow                     Hex            100%       N/A       1%          1
 Sting                    Tmut/Pois      100%       1d8       1%          1
 Ensorcelled Hibernation  Hex/Ice        74%        N/A       1%          2
 Passwall                 Tmut/Erth      36%        N/A       1%          2
 Poisonous Vapours        Pois/Air       58%        N/A       1%          2
 Searing Ray              Conj           78%        2d7       1%          2
 Wereblood                Tmut           65%        N/A       1%          2
 Cigotuvi's Dreadful Rot  Necr/Pois/Air  48%        N/A       2%          2
 Scorch                   Fire           82%        2d9       2%          2
 Freeze                   Ice            52%        1d6       4%          1
 Sandblast                Erth           26%        2d8       4%          1
 Confusing Touch          Hex            57%        N/A       1%          3
 Ignite Poison            Fire/Tmut/Pois 65%        N/A       1%          3
 Inner Flame              Hex/Fire       60%        N/A       1%          3
 Spider Form              Tmut/Pois      56%        N/A       1%          3
 Summon Guardian Golem    Hex/Summ       69%        N/A       1%          3
 Tukima's Dance           Hex            57%        N/A       1%          3
 Summon Ice Beast         Ice/Summ       54%        N/A       1%          4
 Ice Form                 Ice/Tmut       44%        N/A       3%          4
 Passage of Golubria      Tloc           47%        N/A       3%          4
 Alistair's Intoxication  Tmut/Pois      37%        N/A       3%          5
 Hailstorm                Conj/Ice       26%        3d7       4%          3
 Stone Arrow              Conj/Erth      52%        3d10      4%          3
 Summon Hydra             Summ           39%        N/A       4%          7
 Anguish                  Hex/Necr       18%        N/A       7%          4
 Flame Wave               Conj/Fire      50%        2d12      9%          4
 Frozen Ramparts          Ice            26%        1d4       13%         3
 Vampiric Draining        Necr           13%        2d6       13%         3
 Iskenderun's Battlesphe  Conj           39%        2d9       16%         5
 Eringya's Noxious Bog    Tmut/Pois      28%        N/A       17%         6
 Fireball                 Conj/Fire      25%        3d11      24%         5
 Airstrike                Air            6%         2d(1-17)  38%         4
 Animate Dead             Necr           13%        N/A       38%         4
 Dispel Undead            Necr           13%        3d9       38%         4
 Lightning Bolt           Conj/Air       13%        1d26      38%         5
 Statue Form              Tmut/Erth      29%        N/A       52%         6
 Borgnjor's Vile Clutch   Necr/Erth      6%         N/A       75%         5
 Starburst                Conj/Fire      25%        6d8       80%         6
 Conjure Ball Lightning   Conj/Air       13%        3x3d6     93%         6
 Storm Form               Tmut/Air       22%        N/A       97%         7
 Orb of Destruction       Conj           19%        9d8       99%         7
 Death Channel            Necr           6%         N/A       100%        6
 Simulacrum               Ice/Necr       6%         N/A       100%        6


Dungeon Overview and Level Annotations

Branches:
Dungeon (15/15)            Temple (0/1) D:4            Lair (5/5) D:11
  Swamp (4/4) Lair:3       Spider (1/4) Lair:3        Slime (0/5) Lair:4
    Orc (2/2) D:11            Elf (3/3) Orc:2        Vaults (0/5) D:13
 Depths (0/4) D:15          Sewer (visited)           IceCv (visited)

Altars:
Ashenzari
Cheibriados
Fedhas
Gozag
Hepliaklqana
Kikubaaqudgha
Makhleb
Nemelex Xobeh
Okawaru
Qazlal
Ru
Vehumet
Wu Jian
Zin
Jiyva

Shops:
D:7 *   D:12 *   Orc:1 ?   Orc:2 ?[=[   Elf:2 (

Portals:
Hell: Lair:5
Trove: D:10 (give horn of Geryon)

Annotations:
Swamp:2 exclusion: downstairs
Elf:2 5 runed translucent doors


Innate Abilities, Weirdness & Mutations

You have sharp claws.
You have razor-sharp teeth.
You have supernaturally acute eyesight. (SInv)
You cover ground quickly. (Speed+)
Your thick and shaggy fur keeps you warm. (AC +3, rC+)
You sometimes lose the ability to drink potions when taking damage.
You cannot be stealthy.
You have somewhat slow reflexes. (EV -5)
You are somewhat unskilled. (-1 Apt)
You are somewhat inexperienced. (-1 XL)
Your paws help you pounce on unaware monsters.
You are missing an eye, making it more difficult to aim.
You are incapable of wielding weapons or throwing items.
You cannot wear armour.
You gain extra lives every three experience levels.


Message History

The wolf spider misses you. The jumping spider barely misses you.
The jumping spider closely misses you.
Your warg bites the jumping spider!
The jumping spider pounces on your warg!
Your warg is caught in a web!
The jumping spider bites your warg.
Your warg dies!
Your warg's corpse disappears in a puff of smoke!
The wolf spider hits you!! The wolf spider completely misses you.
The jumping spider's many legs skitter faintly.
The jumping spider attacks as you move away!
You redirect the jumping spider's attack!
The jumping spider pounces on itself!
The jumping spider dies!
The torpor snail looks as sick as possible!
Your toxic aura wanes.
The wolf spider closely misses you. The wolf spider completely misses you.
The wolf spider attacks as you move away!
The wolf spider completely misses you. The wolf spider closely misses you.
Your cactus giant hits the wolf spider with a +0 giant spiked club.
The orb spider begins to attack, but is stunned by your conviction!
You feel yourself speed up. The wolf spider completely misses you.
The wolf spider misses you.
You see here a jumping spider corpse.
You see here a jumping spider corpse.
Casting: Olgreb's Toxic Radiance (dangerous; 3% risk of failure)
Your cactus giant disappears in a puff of smoke!
The wolf spider hits you!
You feel threatened and lose the ability to drink potions!
The wolf spider completely misses you. The wolf spider hits you!!
* * * LOW HITPOINT WARNING * * *
The wolf spider misses you.
Being near the torpor snail leaves you feeling lethargic.
You cannot drink potions in your current state!
The wolf spider attacks as you move away!
The wolf spider is stunned by your conviction and fails to attack.
You feel yourself speed up. The wolf spider hits you.
* * * LOW HITPOINT WARNING * * *
The wolf spider bites you!
You die...

######### ####C......#
###s†s@...†..##
####...#.###..††.#
###...§.##.# #.#.#..#
###....ws######..###♣....
#........## #..## ♣.....
#.........# ...# ..... ##
##.....w.##♣♣♣# ....
.#####.....#.# #...
...####.....#### ...


You could see a wolf spider (poisoned, ally target), an orb spider (poisoned)
and a friendly cactus giant (summoned).

Vanquished Creatures
  A deep elf blademaster (Elf:3)
  A sphinx (D:13)
  A deep elf sorcerer (Elf:3)
  A deep elf elementalist (Elf:3)
  A deep elf demonologist (Elf:3)
  2 eleionomae (Swamp:3)
  A deep elf high priest (Elf:1)
  2 hydras
  A centaur warrior (D:13)
  A boulder beetle (Spider:1)
  A two-headed ogre (D:15)
  2 alligators (Swamp:1)
  2 dancing weapons
  A deep elf knight (Elf:2)
  4 deep elf archers
  A swamp dragon (Swamp:4)
  Pikel (D:4)
  A phantasmal warrior (D:13)
  An orb spider (Spider:1)
  2 deep elf zephyrmancers
  6 deep elf pyromancers
  A manticore (D:13)
  A wolf spider (Spider:1)
  An orc sorcerer (Orc:2)
  A cyclops (Orc:2)
  A centaur zombie (D:15)
  An efreet (D:13)
  A tarantella (Spider:1)
  2 tyrant leeches (Swamp:4)
  2 jumping spiders (Spider:1)
  A yak (shapeshifter) (D:13)
  3 wraiths
  2 yaks
  A steam dragon (D:6)
  3 redbacks (Spider:1)
  3 hogs (Swamp:4)
  3 wargs
  A water moccasin (D:8)
  A swamp worm (Swamp:4)
  7 orc warriors
  6 ogres
  5 centaurs
  3 kobold brigands
  A bullfrog (D:7)
  3 necrophages
  2 scorpions
  A water moccasin skeleton (D:4)
  2 howler monkeys (D:7)
  2 jellies (D:4)
  8 orc priests
  2 hounds
  2 iguanas
  A gnoll bouda (D:7)
  8 orc wizards
  2 scorpion zombies (D:4)
  2 hound zombies (D:4)
  9 gnolls
  5 adders
  A river rat (Sewer)
  3 white imps (D:6)
  4 worms
  2 dart slugs
  27 orcs
  5 ball pythons
  2 endoplasms (Sewer)
  A giant cockroach (D:1)
  9 hobgoblins
  6 jackals (D:1)
  3 quokkas
  4 bats
  2 frilled lizards (D:2)
  6 goblins
  12 kobolds
  A quokka zombie (D:4)
  8 rats
  3 briar patches (Swamp:4)
233 creatures vanquished.

Vanquished Creatures (collateral kills)
  A deep elf blademaster (Elf:3)
  2 deep elf master archers (Elf:3)
  Kirke (Swamp:4)
  Agnes (D:15)
  2 thorn hunters (Swamp:4)
  Roxanne (D:15)
  A frost giant (D:13)
  A fire giant (D:13)
  4 deep elf sorcerers (Elf:3)
  A draconian knight (IceCv)
  Louise (Elf:1)
  2 deep elf elementalists (Elf:3)
  An orc warlord (Orc:1)
  A deep elf demonologist (Elf:3)
  9 eleionomae
  3 deep elf annihilators (Elf:3)
  5 white draconians (IceCv)
  2 bunyips
  6 deep elf death magi (Elf:3)
  2 shambling mangroves
  An entropy weaver (Spider:1)
  A deep elf high priest (Elf:3)
  Josephine (D:15)
  5 vault guards (D:13)
  A jorogumo (Spider:1)
  3 ghost crabs
  14 hydras
  3 ogre magi
  An ice dragon (D:13)
  3 two-headed ogres
  9 centaur warriors
  17 dancing weapons
  11 alligators
  3 boulder beetles
  A tengu warrior (D:13)
  Sonja (D:11)
  8 deep elf knights
  A skyshark (Lair:5)
  A sun demon (Lair:5)
  Nergalle (Orc:2)
  7 skeletal warriors
  4 goliath frogs
  A spriggan druid (Swamp:2)
  A flayed ghost (D:13)
  8 swamp dragons
  7 deep elf archers
  An orange crystal statue (IceCv)
  6 bog bodies
  An orc knight (Orc:2)
  3 steelbarb worms (Spider:1)
  15 deep elf pyromancers
  3 wizards
  16 ugly things
  20 deep elf zephyrmancers
  An oklob plant (Lair:3)
  A faun (shapeshifter) (D:15)
  A necromancer (D:15)
  A cyclops (D:15)
  A cyclops (shapeshifter) (D:13)
  A will-o-the-wisp (Swamp:1)
  A wolf spider (Spider:1)
  8 orc sorcerers
  5 manticores
  5 elephants (Lair:3)
  A centaur zombie (D:15)
  A moth of wrath (Spider:1)
  2 demonic crawlers
  4 black mambas
  A centaur skeleton (D:15)
  A torpor snail (Lair:5)
  2 gargoyles
  10 cane toads
  5 storm dragon simulacra (IceCv)
  3 orange demons (Lair:5)
  7 rime drakes
  Maggie (D:7)
  An ice devil (Lair:5)
  2 tengu conjurers (D:13)
  2 efreet
  2 kobold demonologists (D:12)
  14 komodo dragons
  5 golden dragon simulacra (IceCv)
  A polar bear (Lair:5)
  A bloated husk (Swamp:1)
  A hellwing (Lair:5)
  6 meliai
  A red devil (Lair:5)
  3 trolls
  7 tyrant leeches
  15 blink frogs
  9 hornets
  A meliai zombie (D:15)
  3 dream sheep
  6 slime creatures
  2 air elementals (Elf:3)
  2 jumping spiders (Spider:1)
  64 yaks
  7 spriggans
  2 culicivoras (Spider:1)
  4 water elementals
  A shadow (D:11)
  3 wraiths (D:15)
  6 wyverns
  7 basilisks
  3 fire elementals
  4 redbacks (Spider:1)
  10 vampire mosquitoes
  2 wargs
  16 swamp worms
  13 water moccasins
  4 hell hounds (Lair:5)
  5 swamp drakes (Swamp:4)
  A sky beast (D:7)
  4 ice dragon simulacra (IceCv)
  8 orc warriors
  2 black bears
  7 ogres
  6 wolves (Lair:2)
  9 centaurs
  A phantom (D:6)
  A kobold brigand (D:12)
  A necrophage (D:7)
  10 bullfrogs
  5 earth elementals
  6 scorpions
  5 killer bees (D:9)
  7 lindwurm simulacra (IceCv)
  3 howler monkeys
  An electric eel (Lair:2)
  4 jellies
  2 hounds (D:6)
  4 orc priests
  5 hell rats (Lair:3)
  23 orc wizards
  2 nameless horrors
  3 adders
  6 gnolls
  An ufetubus (D:6)
  2 worms (Lair:3)
  48 orcs
  3 ball pythons
  3 endoplasms
  4 kobolds
  5 rats
  4 foxfires (D:4)
  A snaplasher vine (Elf:3)
721 creatures vanquished.

Vanquished Creatures (others)
  A deep elf annihilator (Elf:3)
  A vault guard (D:10)
  An alligator (Swamp:2)
  A boulder beetle (D:8)
  2 deep elf zephyrmancers
  A deep elf pyromancer (Elf:3)
  A gargoyle (D:10)
  2 bloated husks (Swamp:1)
  A troll (D:10)
  A jumping spider (Spider:1)
  A hog (Swamp:4)
  9 yaks
  A steam dragon (D:7)
  An acid dragon (D:8)
  An orc warrior (D:9)
  A centaur (D:14)
  3 wights (D:7)
  A killer bee (D:9)
  A bush (Lair:3)
  641 foxfires
  24 fungi
  29 plants
  18 snaplasher vines
743 creatures vanquished.

Grand Total: 1697 creatures vanquished

Notes
Turn   | Place    | Note
-------+----------+-------------------------------------------
     0 | D:1      | ragingrage the Felid Wanderer began the quest for the Orb.
     0 | D:1      | ragingrage set off with the following items: a potion of
                  | curing, a scroll of blinking; and the following spells
                  | available to memorise: Searing Ray, Foxfire, Kiss of Death.
     0 | D:1      | Reached XP level 1. HP: 9/9 MP: 3/3
    28 | D:1      | Learned a level 1 spell: Foxfire
   458 | D:1      | Reached XP level 2. HP: 12/12 MP: 0/4
   523 | D:1      | Found a faded altar of an unknown god.
   541 | D:1      | Learned a level 2 spell: Searing Ray
  1532 | D:2      | Reached XP level 3. HP: 15/15 MP: 5/5
  1566 | D:2      | Identified the ring of the Snail {Fire rElec}
  1881 | D:2      | Learned a level 1 spell: Kiss of Death
  2327 | D:3      | Reached XP level 4. HP: 19/19 MP: 1/8
  2557 | D:2      | Hit by a boomerang thrown by an orc
  2558 | D:2      | Reached XP level 3. HP: 0/15 MP: 4/7
  2801 | D:3      | Learned a level 3 spell: Call Canine Familiar
  3463 | D:4      | Reached skill level 1 in Summonings
  3725 | D:4      | Reached skill level 2 in Summonings
  3725 | D:4      | Reached XP level 4. HP: 19/19 MP: 0/8
  3880 | D:4      | Reached skill level 3 in Summonings
  3880 | D:4      | Reached XP level 5. HP: 15/22 MP: 0/9
  4012 | D:4      | Reached skill level 4 in Summonings
  4140 | D:4      | Noticed Pikel
  4249 | D:4      | You fall into a shaft and drop 3 floors!
  4272 | D:7      | Found Nehyegou's Lightly-Used Armoury.
  4383 | D:7      | Gained mutation: You are covered in thick fur. (AC +2)
                  | [Felid growth]
  4383 | D:7      | Reached XP level 6. HP: 20/25 MP: 7/10
  4387 | D:7      | Learned a level 3 spell: Summon Guardian Golem
  4405 | D:7      | Found a snail-covered altar of Cheibriados.
  4438 | D:7      | Reached skill level 5 in Summonings
  4565 | D:7      | Found a broken altar of Ashenzari.
  4570 | D:7      | Found a glowing silver altar of Zin.
  4575 | D:7      | Found a sacrificial altar of Ru.
  4578 | D:7      | Found a stormy altar of Qazlal.
  4580 | D:7      | Found an iron altar of Okawaru.
  4585 | D:7      | Found an ancient bone altar of Kikubaaqudgha.
  4619 | D:7      | Became a worshipper of Ru the Awakened
  4942 | D:7      | Noticed Maggie
  4974 | D:7      | Noticed a yak
  5007 | D:6      | Found an ornate altar of the Wu Jian Council.
  5094 | D:6      | Found a glowing drain.
  5108 | Sewer    | Entered a sewer
  5124 | Sewer    | Reached XP level 7. HP: 28/28 MP: 8/11
  5954 | Sewer    | Reached skill level 1 in Fire Magic
  6309 | D:6      | Reached skill level 6 in Summonings
  6390 | D:6      | Reached skill level 5 in Hexes
  6776 | D:6      | Reached skill level 7 in Summonings
  6847 | D:6      | Reached XP level 8. HP: 26/32 MP: 4/12
  7174 | D:6      | Identified 2 scrolls of acquirement
  7174 | D:6      | Acquired a book of Scorching
  7190 | D:6      | Learned a level 2 spell: Scorch
  7197 | D:6      | Reached skill level 8 in Summonings
  7887 | D:5      | Entered Level 5 of the Dungeon
  8057 | D:5      | Gained mutation: You have somewhat slow reflexes. (EV -5)
                  | [Ru sacrifice]
  8057 | D:5      | Reached * piety under Ru
  8264 | D:5      | Found a blossoming altar of Fedhas.
  8301 | D:5      | Reached skill level 9 in Summonings
  8804 | D:5      | Found a sparkling altar of Nemelex Xobeh.
  9031 | D:4      | Found a staircase to the Ecumenical Temple.
  9460 | D:4      | Paralysed by Pikel for 3 turns
  9479 | D:4      | Killed Pikel
  9480 | D:4      | Reached skill level 10 in Summonings
  9480 | D:4      | Reached XP level 9. HP: 35/35 MP: 0/15
 11086 | D:7      | Reached skill level 5 in Spellcasting
 11111 | D:7      | Reached skill level 11 in Summonings
 11111 | D:7      | Shot with an arrow by a centaur
 11112 | D:7      | Reached XP level 8. HP: 0/32 MP: 7/16
 11263 | D:7      | Learned a level 4 spell: Summon Lightning Spire
 11293 | D:7      | Reached skill level 1 in Dodging
 11296 | D:7      | Reached XP level 9. HP: 36/36 MP: 8/17
 12209 | D:8      | Gained mutation: You occasionally lose the ability to drink
                  | potions when taking damage. [Ru sacrifice]
 12209 | D:8      | Gained mutation: You sometimes lose the ability to drink
                  | potions when taking damage. [Ru sacrifice]
 12209 | D:8      | Reached ** piety under Ru
 12534 | D:8      | Noticed a boulder beetle
 12544 | D:8      | Acquired the amulet "Kacoihaawn" {Acrobat Drain Will+ MP+9
                  | Str+3}
 12906 | D:9      | Reached XP level 10. HP: 42/42 MP: 18/20
 13181 | D:8      | Killed a boulder beetle
 13182 | D:8      | Reached skill level 5 in Dodging
 13182 | D:8      | Reached skill level 12 in Summonings
 14809 | D:9      | Found a hazy altar of Hepliaklqana.
 15241 | D:10     | Entered Level 10 of the Dungeon
 15354 | D:10     | Noticed a gargoyle
 15552 | D:10     | Killed a gargoyle
 15553 | D:10     | Reached skill level 5 in Fighting
 15728 | D:10     | Noticed a vault guard
 15749 | D:10     | Killed a vault guard
 15881 | D:10     | Found a portal to a secret trove of treasure.
 15969 | D:10     | Reached XP level 11. HP: 48/48 MP: 22/22
 16046 | D:10     | Learned a level 6 spell: Summon Cactus Giant
 16459 | D:11     | Noticed a boulder beetle
 16471 | D:11     | Killed a boulder beetle
 16772 | D:11     | Found a staircase to the Lair.
 16786 | D:11     | Found a staircase to the Orcish Mines.
 17056 | D:11     | Noticed Sonja
 17071 | D:11     | Killed Sonja
 17579 | D:12     | Noticed a skeletal warrior
 17586 | D:12     | Killed a skeletal warrior
 17587 | D:12     | Reached skill level 13 in Summonings
 17806 | D:12     | Noticed a sixfirhy
 17950 | D:12     | Noticed a boulder beetle
 17965 | D:12     | Killed a boulder beetle
 18060 | D:12     | Learned a level 5 spell: Summon Forest
 18111 | D:12     | Noticed a skeletal warrior
 18111 | D:12     | Noticed a skeletal warrior
 18119 | D:12     | Killed a skeletal warrior
 18120 | D:12     | Reached skill level 1 in Translocations
 18134 | D:12     | Killed a skeletal warrior
 18199 | D:12     | Found Esaennos's Serpentskin Sales.
 18375 | D:12     | Gained mutation: You are missing an eye, making it more
                  | difficult to aim. [Ru sacrifice]
 18375 | D:12     | Reached *** piety under Ru
 18499 | D:12     | Noticed a two-headed ogre
 18503 | D:12     | Killed a two-headed ogre
 18504 | D:12     | Gained mutation: Your thick and shaggy fur keeps you warm.
                  | (AC +3, rC+) [Felid growth]
 18504 | D:12     | Reached XP level 12. HP: 54/54 MP: 25/25
 18750 | Lair:1   | Entered Level 1 of the Lair of Beasts
 18800 | Lair:1   | Found an opulent altar of Gozag.
 19019 | Lair:1   | Identified the ring "Jeihul" {Will+ rCorr}
 19491 | Lair:1   | Reached skill level 10 in Dodging
 19923 | Lair:2   | Noticed a four-headed hydra
 19936 | Lair:2   | Reached skill level 5 in Translocations
 19942 | Lair:2   | Killed a four-headed hydra
 20322 | Lair:2   | Reached skill level 14 in Summonings
 21543 | Lair:3   | Reached skill level 10 in Fighting
 21551 | Lair:3   | Reached XP level 13. HP: 37/61 MP: 22/27
 21769 | Lair:3   | Found a staircase to the Swamp.
 21938 | Lair:3   | Gained mutation: You cannot be stealthy. [Ru sacrifice]
 21938 | Lair:3   | Reached **** piety under Ru
 22668 | Lair:3   | Found a hole to the Spider Nest.
 23890 | Lair:4   | Found a viscous altar of Jiyva.
 23890 | Lair:4   | Found a staircase to the Slime Pits.
 23987 | Lair:4   | Learned a level 5 spell: Yara's Violent Unravelling
 24255 | Lair:4   | Reached skill level 1 in Transmutations
 25013 | Lair:5   | Entered Level 5 of the Lair of Beasts
 25362 | Lair:5   | Gained mutation: You are somewhat unskilled. (-1 Apt) [Ru
                  | sacrifice]
 25362 | Lair:5   | Reduced skill Fighting to level 10
 25362 | Lair:5   | Reduced skill Unarmed Combat to level 1
 25362 | Lair:5   | Reduced skill Summonings to level 13
 25362 | Lair:5   | Reached ***** piety under Ru
 26216 | Lair:5   | Reached XP level 14. HP: 66/66 MP: 21/27
 26907 | Lair:5   | Found a burning altar of Makhleb.
 26913 | Lair:5   | Found a gateway to Hell.
 27471 | Orc:1    | Entered Level 1 of the Orcish Mines
 27481 | Orc:1    | Noticed an orc warlord
 27622 | Orc:1    | Killed an orc warlord
 27741 | Orc:1    | Found Niuceox's Magic Scroll Boutique.
 28132 | Orc:2    | Entered Level 2 of the Orcish Mines
 28357 | Orc:2    | Reached skill level 14 in Summonings
 28357 | Orc:2    | Reached skill level 5 in Transmutations
 28415 | Orc:2    | Found a staircase to the Elven Halls.
 28449 | Orc:2    | Found a burning altar of Makhleb.
 28600 | Orc:2    | Noticed Nergalle
 28622 | Orc:2    | Killed Nergalle
 28800 | Orc:2    | Found an ancient bone altar of Kikubaaqudgha.
 28804 | Orc:2    | Found Sekhlain's Jewellery Boutique.
 28958 | Orc:2    | Found a radiant altar of Vehumet.
 28977 | Orc:2    | Found Macag's Antique Armour Shop.
 29011 | Orc:2    | Found Qosucuynt's Antique Armour Boutique.
 29026 | Orc:2    | Found Gaxazxot's Magic Scroll Shop.
 29034 | Orc:2    | Bought a scroll of fear for 56 gold pieces
 29034 | Orc:2    | Bought a scroll of blinking for 105 gold pieces
 29034 | Orc:2    | Bought 2 scrolls of identify for 56 gold pieces
 29034 | Orc:2    | Bought a scroll of identify for 28 gold pieces
 29053 | Orc:2    | Bought the ring of Leiwk {Fly rPois rCorr Str+6 Int+4} for
                  | 949 gold pieces
 29105 | Orc:2    | Bought a scroll of identify for 28 gold pieces
 29227 | D:7      | Killed Maggie
 29705 | D:13     | Noticed a sphinx
 29875 | D:13     | Killed a sphinx
 29885 | D:13     | Noticed a fire giant
 29891 | D:13     | Noticed a frost giant
 30945 | D:13     | Reached XP level 15. HP: 54/72 MP: 12/28
 31055 | D:13     | Found a gate to the Vaults.
 31694 | D:13     | Killed a fire giant
 31718 | D:13     | Killed a frost giant
 32446 | D:14     | Found an opulent altar of Gozag.
 32485 | D:14     | Reached skill level 15 in Summonings
 32485 | D:14     | Noticed Nessos
 32491 | D:14     | Nessos changed into Nessos the dream sheep
 32491 | D:14     | Noticed Nessos
 32491 | D:14     | Killed Nessos the dream sheep
 33043 | D:14     | Reached skill level 15 in Dodging
 33413 | D:15     | Entered Level 15 of the Dungeon
 33847 | D:15     | Identified Roxanne's Tome of Transmutation
 33847 | D:15     | Noticed Roxanne
 33874 | D:15     | Reached skill level 5 in Hexes
 34311 | D:15     | Noticed Agnes
 34321 | D:15     | Killed Agnes
 34653 | D:15     | Noticed Josephine
 34660 | D:15     | Killed Josephine
 35238 | D:15     | Found a snail-covered altar of Cheibriados.
 35477 | D:15     | Killed Roxanne
 35555 | D:15     | Found a staircase to the Depths.
 35557 | D:15     | Upgraded the game from 0.30-a0-840-ga523dec638 to
                  | 0.30-a0-847-g17996783a1
 35736 | Swamp:1  | Entered Level 1 of the Swamp
 37002 | Swamp:1  | Reached XP level 16. HP: 74/78 MP: 29/29
 37728 | Swamp:2  | Found a frozen archway.
 37807 | IceCv    | Entered an ice cave
 39498 | IceCv    | Identified the ring of Koimoanya {rElec rPois rF+ rN+
                  | Dex-2}
 42419 | Swamp:4  | Entered Level 4 of the Swamp
 42419 | Swamp:4  | Noticed Kirke
 42436 | Swamp:4  | Noticed a thorn hunter
 42437 | Swamp:4  | Killed Kirke
 42638 | Swamp:4  | Killed a thorn hunter
 42667 | Swamp:4  | Reached skill level 10 in Transmutations
 43062 | Swamp:4  | Learned a level 4 spell: Passage of Golubria
 43077 | Swamp:4  | Noticed a thorn hunter
 43090 | Swamp:4  | Killed a thorn hunter
 43457 | Swamp:4  | Reached XP level 17. HP: 74/79 MP: 12/31
 43916 | Swamp:4  | Got a decaying rune of Zot
 44427 | Spider:1 | Entered Level 1 of the Spider Nest
 44432 | Spider:1 | Reached skill level 16 in Summonings
 44499 | Spider:1 | Learned a level 4 spell: Olgreb's Toxic Radiance
 44611 | Elf:1    | Entered Level 1 of the Elven Halls
 44626 | Elf:1    | Reached skill level 1 in Poison Magic
 44685 | Elf:1    | Identified the ring of Beogh, Bespelling {Wiz Will+ rCorr}
 45205 | Elf:1    | Noticed Louise
 45228 | Elf:1    | Killed Louise
 45350 | Elf:1    | Reached skill level 5 in Poison Magic
 45403 | Elf:1    | You are sucked into a shaft and drop 1 floor!
 45408 | Elf:2    | Found a huge runed translucent gate.
 45408 | Elf:2    | Found a huge runed translucent gate.
 45408 | Elf:2    | Found a huge runed translucent gate.
 45408 | Elf:2    | Found a huge runed translucent gate.
 45408 | Elf:2    | Found a huge runed translucent gate.
 45434 | Elf:2    | HP: 2/74 [+3 mace of draining (17)]
 45434 | Elf:2    | Slain by a +3 mace of draining
 45435 | Elf:2    | Reached XP level 16. HP: -1/67 MP: 31/39
 46529 | Elf:2    | Reached skill level 1 in Evocations
 46639 | Elf:2    | Reached skill level 10 in Spellcasting
 47226 | Elf:2    | Found Mastust's Antique Weapon Shop.
 47452 | Elf:2    | Identified the +1 chain mail of Spring Thaw {rC+ Regen+
                  | Dex+3 Stlth-}
 47547 | Elf:3    | Entered Level 3 of the Elven Halls
 47562 | Elf:3    | Gained mutation: You are somewhat inexperienced. (-1 XL)
                  | [Ru sacrifice]
 47562 | Elf:3    | Reached XP level 15. HP: 71/71 MP: 39/39
 47562 | Elf:3    | Reached ****** piety under Ru
 48162 | Elf:3    | Noticed a deep elf master archer
 48952 | Elf:3    | Noticed a deep elf master archer
 48956 | Elf:3    | Killed a deep elf master archer
 49006 | Elf:3    | Reached XP level 16. HP: 79/79 MP: 9/31
 49240 | Elf:3    | Identified the +5 ring mail of the Golden Jabberwock {Fly
                  | rN++ rCorr Str-3}
 49533 | Elf:3    | Noticed a deep elf blademaster
 49550 | Elf:3    | Killed a deep elf blademaster
 49663 | Elf:3    | Killed a deep elf master archer
 49685 | Elf:3    | Noticed a deep elf blademaster
 49689 | Elf:3    | Identified the +8 dire flail "Buph" {drain, Will- Str+4
                  | Int+5 Stlth+}
 49702 | Elf:3    | Mangled by a deep elf blademaster
 49703 | Elf:3    | Reached XP level 15. HP: -11/71 MP: 3/39
 50001 | Elf:3    | Learned a level 5 spell: Irradiate
 50060 | Elf:3    | Reached skill level 5 in Conjurations
 50255 | Elf:3    | Noticed an Ice Fiend
 51082 | Elf:3    | Got Xees's Collected Works on Causimancy
 51122 | Elf:3    | Killed a deep elf blademaster
 52593 | Spider:1 | Slain by a wolf spider

Illustrated notes

Levels and vault maps discovered:
D:1:      dpeg_arrival_rooms_c, layout_loops_ring,
          hellmonk_ecumenical_altar_dog_temple, serial_park_tiny_pond,
          hangedman_decor_clover_reticule
D:2:      layout_loops_ring
D:3:      layout_rooms, chequers_hall_statues_y
D:4:      layout_loops_cross, temple_pool_b, serial_undead, serial_undead_e,
          serial_undead_f, serial_undead_c, serial_undead_a, uniq_pikel
D:5:      layout_loops_corners, mainiacjoe_overflow_small_starburst,
          fedhas_altar_2
D:6:      minmay_skewed_foursquare, layout_loops_cross,
          pdpol_wu_jian_five_deadly_venoms, portal_sewer_entry_e,
          minmay_misc_feat_four_crosses
D:7:      layout_loops_corners, nicolae_overflow_crystal_walls,
          nicolae_overflow_hallway_of_the_gods, minmay_shop_damaged,
          minmay_manual_moon, uniq_maggie
D:8:      layout_basic
D:9:      layout_roguey, nzn_hepliaklqana_mist_gate, kennysheep_nondescript
D:10:     layout_loops_cross, enter_trove_5
D:11:     layout_loops_ring, lair_entry_dummy, orc_0_dummy, minivault_24,
          uniq_sonja
D:12:     layout_loops_ring, guppyfry_shop_venom
D:13:     minmay_connected_triangles_in_corner, layout_irregular_city,
          grunt_vaults_entry_fortified
D:14:     layout_basic, grunt_gozag_breadcrumbs, uniq_nessos
D:15:     grunt_enter_depths_magical_seal, layout_irregular_city,
          cheibriados_altar_1, uniq_josephine, uniq_agnes, uniq_roxanne
Lair:1:   layout_regular_city, basic_altar, grunt_megastairs_2
Lair:2:   layout_small_grid, grunt_megastairs_1, infiniplex_staircase_pool,
          serial_bayou_shore_a, lemuel_fruit_tree
Lair:3:   layout_regular_city, minmay_swamp_entry_worms,
          nicolae_spider_entry_non_spiders, nicolae_lair_grazing_beasts
          [nicolae_sub_lair_graze_edge, nicolae_sub_lair_graze_edge,
          nicolae_sub_lair_graze_edge, nicolae_sub_lair_graze_edge]
Lair:4:   layout_gridlike, nicolae_slime_entry_slimehenge
Lair:5:   evil_forest, layout_long_grid, grunt_megastairs_4
Swamp:1:  layout_basic_swamp, evilmike_swamp_ruin_rubble_1, swamp_pool3
Swamp:2:  layout_basic_swamp, portal_ice_cave_entry_ugly_swarm,
          nicolae_swamp_little_swirl, swamp_pool1
Swamp:3:  layout_basic_swamp, nicolae_swamp_very_dense_foliage
Swamp:4:  swamp_alternative, layout_basic_swamp, infiniplex_staircase_pool_2,
          uniq_kirke
Spider:1: layout_cave_pods, nicolae_spider_nooks_and_crannies
Orc:1:    layout_caves, serial_shops, shop, nicolae_orc_jurassic_orc
Orc:2:    kennysheep_orc_mage_school, layout_caves, basic_altar
Elf:1:    nicolae_elf_arrival_aired_out, layout_loops_cross,
          kennysheep_underground_church, uniq_louise
Elf:2:    elven_hall_of_blades_hangedman_alternative
          [mumra_blade_entry_bloodbath], layout_loops_cross, serial_shops,
          nicolae_shop_hallway_plus, minmay_misc_feat_pillars,
          grunt_ministairs_11, uniq_asterion
Elf:3:    grunt_elf_hall_branching, layout_onion_city, grunt_ministairs_2,
          nicolae_concentric_dashed_squares_wild, minmay_misc_feat_five

Skill      XL: |  1  2  3  4  5  6  7  8  9 10 11 12 13 14 15 16 17 |
---------------+----------------------------------------------------+-----
Stealth        | 3 4 0 |  0.0
Conjurations   | 4 3 5 4 |  5.0
Spellcasting   | 2 3 6 7 8 9 8 10 | 10.7
Summonings     | 2 3 4 5 7 10 11 12 13 14 13 14 15 16 | 16.5
Hexes          | 3 5 4 9 |  9.0
Fire Magic     | 1 3 2 |  2.6
Dodging        | 1 4 6 9 10 11 13 15 | 15.0
Fighting       | 3 5 7 10 10 12 13 14 | 14.6
Translocations | 2 7 6 |  6.3
Transmutations | 3 6 11 10 | 11.6
Unarmed Combat | 1 |  1.7
Poison Magic   | 6 5 |  6.0
Evocations     | 4 1 |  4.6

Action                     |  1- 3 |  4- 6 |  7- 9 | 10-12 | 13-15 | 16-18 || total
---------------------------+-------+-------+-------+-------+-------+-------++-------
  Melee: Unarmed           |    37 |    21 |    27 |    22 |    28 |    17 ||   152
         Punch             |     1 |     3 |       |       |       |     2 ||     6
         Bite              |     3 |     1 |     7 |     3 |     5 |     3 ||    22
   Cast: Foxfire           |   125 |    79 |   187 |       |       |       ||   391
         Searing Ray       |     6 |     1 |     1 |     1 |       |       ||     9
         Call Canine Famil |       |     6 |    42 |    41 |   118 |    50 ||   257
         Kiss of Death     |       |     1 |       |     1 |       |       ||     2
         Scorch            |       |       |    57 |     7 |       |       ||    64
         Summon Guardian G |       |       |    13 |    19 |     1 |     1 ||    34
         Summon Lightning  |       |       |     4 |    35 |   123 |    55 ||   217
         Summon Cactus Gia |       |       |       |    45 |   219 |   139 ||   403
         Summon Forest     |       |       |       |     9 |    72 |    57 ||   138
         Olgreb's Toxic Ra |       |       |       |       |    18 |     2 ||    20
         Yara's Violent Un |       |       |       |       |    10 |     6 ||    16
         Irradiate         |       |       |       |       |     1 |       ||     1
 Invoke: Sacrifice Health  |       |       |     1 |       |       |       ||     1
         Sacrifice Drink   |       |       |     1 |       |       |       ||     1
         Sacrifice an Eye  |       |       |       |     1 |       |       ||     1
         Sacrifice Stealth |       |       |       |       |     1 |       ||     1
         Sacrifice Skill   |       |       |       |       |     1 |       ||     1
         Apocalypse        |       |       |       |       |     7 |     8 ||    15
         Sacrifice Experie |       |       |       |       |     1 |       ||     1
         Power Leap        |       |       |       |       |       |     1 ||     1
         Reject Sacrifices |       |       |       |       |       |     1 ||     1
  Evoke: Wand              |       |       |       |     3 |     1 |       ||     4
         Box of beasts     |       |       |       |       |       |     1 ||     1
         Phantom mirror    |       |       |       |       |       |     1 ||     1
    Use: Potion            |       |     2 |       |       |       |     1 ||     3
         Scroll            |       |       |     2 |    22 |    10 |     3 ||    37
   Stab: Sleeping          |     5 |     1 |     1 |     1 |       |       ||     8
         Distracted        |       |     1 |     1 |       |     1 |     1 ||     4
         Betrayed ally     |       |       |     1 |       |       |       ||     1
         Invisible         |       |       |       |     1 |       |       ||     1
         Paralysed         |       |       |       |       |     1 |     2 ||     3
 Armour: Skin              |     5 |     4 |     4 |     7 |    14 |    15 ||    49
  Dodge: Dodged            |    25 |    56 |    68 |    91 |   314 |   176 ||   730

Table legend: (Time is in decaauts)
 A = Elapsed time spent in this place.
 B = Non-inter-level travel time spent in this place.
 C = Inter-level travel time spent in this place.
 D = Time resting spent in this place.
 E = Time spent auto-exploring this place.
 F = Levels seen in this place.
 G = Mean time per level.
                   A        B        C        D        E       F      G
               +--------+--------+--------+--------+--------+-----+--------+
         Total |  48234 |  45749 |   2485 |  14904 |  22507 |  32 | 1507.3 |
       Dungeon |  21905 |  20348 |   1557 |   6582 |  10133 |  15 | 1460.3 |
          Lair |   8253 |   7827 |    426 |    924 |   5665 |   5 | 1650.6 |
         Swamp |   6324 |   6191 |    133 |   2509 |   2644 |   4 | 1581.0 |
   Spider Nest |    881 |    879 |      2 |    349 |    327 |   1 |  881.0 |
  Orcish Mines |   1569 |   1414 |    155 |    578 |    601 |   2 |  784.5 |
   Elven Halls |   6369 |   6160 |    209 |   2526 |   2314 |   3 | 2123.0 |
         Sewer |   1152 |   1152 |      0 |    471 |    471 |   1 | 1152.0 |
      Ice Cave |   1777 |   1777 |      0 |    963 |    350 |   1 | 1777.0 |
               +--------+--------+--------+--------+--------+-----+--------+

Top non-repeatable levels by time:
   Elf:3: 3022 daAuts
     D:6: 2679 daAuts
  Lair:5: 2212 daAuts
     D:7: 2178 daAuts
  Lair:3: 2118 daAuts
    D:13: 2098 daAuts
    D:15: 1925 daAuts
   Elf:2: 1886 daAuts
 Swamp:2: 1864 daAuts
 Swamp:1: 1846 daAuts
   IceCv: 1777 daAuts
     D:9: 1543 daAuts
  Lair:4: 1521 daAuts
 Swamp:3: 1506 daAuts
  Lair:2: 1473 daAuts
